 Dungeon Crawl Stone Soup version 0.20.1-1-g8b1a95d (webtiles) character file.

81 lysyklops the Slasher (level 4, -10/34 HPs)
             Began as a Demonspawn Gladiator on Nov 5, 2017.
             Killed by divine providence
             ... invoked by an orc priest
              (12 damage)
             ... on level 3 of the Dungeon.
             The game lasted 00:12:43 (1669 turns).

lysyklops the Slasher (Demonspawn Gladiator)        Turns: 1669, Time: 00:12:44

Health: -10/34     AC: 11    Str: 15    XL:     4   Next: 20%
Magic:  4/4        EV:  7    Int: 10    God:
Gold:   137        SH:  0    Dex: 16    Spells: 1/3 levels left

rFire    . . .     SeeInvis .   a - +0 long sword
rCold    . . .     Gourm    .   (no shield)
rNeg     . . .     Faith    .   D - +0 chain mail
rPois    .         Spirit   .   c - +1 helmet
rElec    .         Reflect  .   (no cloak)
rCorr    .         Harm     .   w - +0 pair of gloves
MR       .....                  (no boots)
Stlth    ..........             (no amulet)
Regen    0.2/turn               h - ring of loudness (curse)
MPRegen  0.1/turn               (no ring)

@: no status effects
A: thin skeletal structure 1
a: no special abilities


You were on level 3 of the Dungeon.
You were not hungry.

You visited 1 branch of the dungeon, and saw 3 of its levels.

You collected 137 gold pieces.

Inventory:

Hand Weapons
 a - a +0 long sword (weapon)
 j - a +0 spear
 n - a +0 spear
 o - a +0 hand axe
 q - a +0 spear
 u - a +2 dagger of pain
 A - a +0 club
 B - a +0 dagger
Missiles
 d - 3 throwing nets (quivered)
 i - 10 poisoned needles
 k - 7 curare-tipped needles
 s - 14 bolts
Armour
 b - a +0 leather armour
 c - a +1 helmet (worn)
 v - a +3 leather armour
 w - a +0 pair of gloves (worn)
 y - a +0 ring mail
 C - a +0 leather armour
 D - a +0 chain mail (worn)
Jewellery
 h - a cursed ring of loudness (left hand)
Scrolls
 l - a scroll of identify
 m - a scroll of recharging
 r - a scroll of teleportation
Potions
 e - a potion of flight
 p - a potion of curing {unknown}
 t - a potion of haste {unknown}
Books
 x - a book of Minor Magic

   Spells                             Type                      Level
   a - Magic Dart                     Conjuration                  1
   b - Blink                          Translocation                2
   c - Call Imp                       Summoning                    2
   d - Slow                           Hexes                        2
   e - Conjure Flame                  Conjuration/Fire             3
   f - Mephitic Cloud                 Conjuration/Poison/Air       3
Comestibles
 f - 4 bread rations
 g - a meat ration
 z - 13 chunks of flesh
 E - 3 fruits


   Skills:
 + Level 2.3 Fighting
 + Level 3.7 Long Blades
 + Level 1.7 Throwing
 + Level 0.8 Armour
 + Level 3.3 Dodging
 + Level 0.2 Stealth


You had one spell level left.
You knew the following spells:

 Your Spells              Type           Power        Failure   Level  Hunger
a - Slow                  Hex            #.......     100%        2    ###....


Dungeon Overview and Level Annotations

Branches:
Dungeon (3/15)

Altars:


Innate Abilities, Weirdness & Mutations

You have a somewhat thin skeletal structure. (Dex +2, Stealth)


Message History

The orc shouts!
The worm bites you.
A quokka comes into view.
You hit the worm.
The worm is moderately wounded.
You slash the worm!
The worm is almost dead.
The worm bites you.
The orc priest calls down the wrath of Beogh upon you.
Beogh smites you!
* * * LOW HITPOINT WARNING * * *
The quokka bites you.
* * * LOW HITPOINT WARNING * * *
You closely miss the quokka. The quokka barely misses you.
You riposte.
You completely miss the quokka. You closely miss the quokka.
The quokka bites you but does no damage.
The orc priest mumbles some strange prayers to Beogh against you.
Beogh smites you!
You die...

####### ############# ......#
########........... ......#
#.....@..# #.... #####.#
#.#####rw### #..# #.# #.#
##o.o.###..###..#
#.#####.####......o......... ###
#...........#....#....##...#
..###.###.#####.##...$..........
......# #.#####.##...>.o.......
....#####...........##.##.......
................###.##.# ####.##


You could see a worm, an orc priest, 3 orcs and a quokka.

Vanquished Creatures
  Jessica (D:2)
  A gnoll (D:1)
  An adder (D:2)
  A worm (D:3)
  A dart slug (D:1)
  An orc (D:3)
  6 giant cockroaches
  5 goblins
  3 hobgoblins
  3 kobolds
  A quokka (D:3)
  A bat (D:2)
  4 frilled lizards
  3 rats
32 creatures vanquished.

Notes
Turn   | Place    | Note
-------+----------+-------------------------------------------
     0 | D:1      | lysyklops the Demonspawn Gladiator began the quest for the Orb.
     0 | D:1      | Reached XP level 1. HP: 16/16 MP: 1/1
   288 | D:1      | Gained mutation: You have a somewhat thin skeletal structure. (Dex +2, Stealth) [demonic ancestry]
   288 | D:1      | Reached XP level 2. HP: 22/22 MP: 2/2
   772 | D:2      | Reached XP level 3. HP: 27/27 MP: 3/3
  1018 | D:2      | Learned a level 2 spell: Slow
  1260 | D:2      | Noticed Jessica
  1274 | D:2      | Killed Jessica
  1274 | D:2      | Reached XP level 4. HP: 31/34 MP: 4/4
  1667 | D:3      | HP: 1/34 [quokka (2)]
  1669 | D:3      | Killed from afar by an orc priest

Skill      XL: |  1  2 |
---------------+-------+-----
Long Blades    | 3 |  3.7
Dodging        | 3 |  3.3
Fighting       | |  2.3
Throwing       | |  1.7
Armour         | |  0.8
Stealth        | |  0.2

Action                   |  1- 3 |  4- 6 || total
-------------------------+-------+-------++-------
Melee: Long sword        |    50 |    24 ||    74
  Use: Scroll            |       |     5 ||     5
 Stab: Distracted        |     1 |       ||     1
  Eat: Chunk             |     1 |     1 ||     2
Armor: Leather armour    |     7 |     2 ||     9
       Chain mail        |       |     2 ||     2
Dodge: Dodged            |    31 |    14 ||    45
       Rpst.: Long sword |    13 |     6 ||    19
